 Dungeon Crawl Stone Soup version 0.22-a0-354-g30dfbe6 (webtiles) character file.

98 Amnesiac the Grave Robber (level 4, 0/32 HPs)
             Began as a Mummy Necromancer on Apr 16, 2018.
             Slain by an ice beast (4 damage)
             ... on level 2 of the Dungeon.
             The game lasted 00:01:42 (1049 turns).

Amnesiac the Grave Robber (Mummy Necromancer)       Turns: 1049, Time: 00:01:43

Health: 0/32       AC:  3    Str: 11    XL:     4   Next: 43%
Magic:  0/9        EV: 12    Int: 15    God:
Gold:   72         SH:  0    Dex: 12    Spells: 5/9 levels left

rFire    x . .     SeeInvis .   c - +0 spear (venom)
rCold    + . .     Gourm    .   (no shield)
rNeg     + + +     Faith    .   d - +0 robe (curse)
rPois    ∞         Spirit   .   (no helmet)
rElec    .         Reflect  .   (no cloak)
rCorr    .         Harm     .   (no gloves)
MR       .....                  e - +0 pair of boots
Stlth    ++........             (no amulet)
HPRegen  0.10/turn              (no ring)
MPRegen  0.11/turn              (no ring)

@: no status effects
A: no food or potions, fire vulnerability, cold resistance 1, negative energy
resistance 3, torment resistance, unbreathing
a: no special abilities


You were on level 2 of the Dungeon.
You were not hungry.

You visited 1 branch of the dungeon, and saw 2 of its levels.

You collected 72 gold pieces.

Inventory:

Hand Weapons
 c - a +0 spear of venom (weapon)
Armour
 d - a cursed +0 robe (worn)
 e - a +0 pair of boots (worn)
Scrolls
 a - a scroll of remove curse {!r, unknown}
 b - 2 scrolls of fog {!r, unknown}


   Skills:
 + Level 1.3 Fighting
 * Level 2.5 Dodging
 - Level 1.5 Stealth
 + Level 3.4 Spellcasting
 * Level 4.7 Necromancy


You had 5 spell levels left.
You knew the following spells:

 Your Spells              Type           Power        Failure   Level  Hunger
a - Pain                  Necr           ###.         2%          1    N/A
d - Vampiric Draining     Necr           ###.......   9%          3    N/A

Dungeon Overview and Level Annotations

Branches:
Dungeon (2/15)

Altars:
Okawaru
Vehumet


Innate Abilities, Weirdness & Mutations

You do not eat or drink.
Your flesh is vulnerable to fire.
You are immune to poison.
Your flesh is cold resistant. (rC+)
You are immune to negative energy. (rN+++)
You are immune to unholy pain and torment.
You can survive without breathing.


Message History

You hit the ice beast but do no damage.
The ice beast is poisoned.
The ice beast hits you but does no damage.
You hit the ice beast.
The ice beast is lightly wounded.
The ice beast hits you. The ice beast freezes you. You resist.
You closely miss the ice beast.
The ice beast is lightly wounded.
The ice beast closely misses you. The ice beast hits you.
The ice beast freezes you. You resist.
* * * LOW HITPOINT WARNING * * *
You hit the ice beast but do no damage.
The ice beast is lightly wounded.
The ice beast looks more healthy.
The ice beast hits you.
* * * LOW HITPOINT WARNING * * *
The ice beast freezes you. You resist.
* * * LOW HITPOINT WARNING * * *
Casting: Vampiric Draining (safe; 9% risk of failure)
Confirm with . or Enter, or press ? or * to list all spells.
Aiming: Vampiric Draining (safe; 9% risk of failure)
Press: ? - help, Shift-Dir - straight line, f/p - ice beast
Aim: an ice beast (lightly wounded)
The ice beast is heavily wounded.
You feel life coursing into your body. The ice beast barely misses you.
Unknown command.
Casting: Vampiric Draining (safe; 9% risk of failure)
Confirm with . or Enter, or press ? or * to list all spells.
Aiming: Vampiric Draining (safe; 9% risk of failure)
Press: ? - help, Shift-Dir - straight line, f/p - ice beast
Aim: an ice beast (heavily wounded)
The ice beast is severely wounded.
You feel life coursing into your body. The ice beast closely misses you.
Unknown command.
Casting: Vampiric Draining (safe; 9% risk of failure)
Confirm with . or Enter, or press ? or * to list all spells.
Aiming: Vampiric Draining (safe; 9% risk of failure)
Press: ? - help, Shift-Dir - straight line, f/p - ice beast
Aim: an ice beast (severely wounded)
The ice beast is almost dead.
You feel life coursing into your body. The ice beast hits you.
* * * LOW HITPOINT WARNING * * *
The ice beast freezes you. You resist.
* * * LOW HITPOINT WARNING * * *
Unknown command.
You barely miss the ice beast.
The ice beast is almost dead.
The ice beast hits you but does no damage.
Unknown command.
You hit the ice beast but do no damage.
The ice beast is almost dead.
The ice beast completely misses you.
Unknown command.
You hit the ice beast.
The ice beast is almost dead.
The ice beast hits you.
* * * LOW HITPOINT WARNING * * *
The ice beast freezes you. You resist.
* * * LOW HITPOINT WARNING * * *
Unknown command.
You hit the ice beast but do no damage.
The ice beast is almost dead.
The ice beast hits you.
* * * LOW HITPOINT WARNING * * *
The ice beast freezes you. You resist.
You die...

.. #. #.# ...#$##.# #
.###.#.$..# #.
%.........#########.######
..........................
........(.....#...........
..........................
....(..##.................
....#...Y@..##..........†.
............##..........!.
#..######...##............
#. #....[..##..####..####
#..##..##.........###.#
#...........#.#..†....#
#..##..##.#.#.###.###..#
#.........#.# # #<# #..###
#####.#####.# ### #..##.


You could see an ice beast.

Vanquished Creatures
  Jessica (D:2)
  3 adders (D:2)
  A worm (D:2)
  A dart slug (D:1)
  2 leopard geckos (D:2)
  4 giant cockroaches
  6 goblins
  4 hobgoblins
  4 jackals (D:2)
  3 kobolds (D:1)
  A quokka (D:2)
  2 frilled lizards
  5 rats
37 creatures vanquished.

Vanquished Creatures (others)
  A goblin (D:2)
1 creature vanquished.

Grand Total: 38 creatures vanquished

Notes
Turn   | Place    | Note
-------+----------+-------------------------------------------
     0 | D:1      | Amnesiac the Mummy Necromancer began the quest for the Orb.
     0 | D:1      | Reached XP level 1. HP: 13/13 MP: 4/4
   411 | D:1      | Reached XP level 2. HP: 20/20 MP: 5/5
   829 | D:2      | Reached skill level 1 in Fighting
   829 | D:2      | Reached XP level 3. HP: 21/26 MP: 7/7
   834 | D:2      | Learned a level 3 spell: Vampiric Draining
   845 | D:2      | Noticed Jessica
   856 | D:2      | Killed Jessica
   861 | D:2      | Found a radiant altar of Vehumet.
   875 | D:2      | Reached XP level 4. HP: 29/32 MP: 6/8
   937 | D:2      | Found an iron altar of Okawaru.
  1016 | D:2      | Noticed an ice beast
  1049 | D:2      | Slain by an ice beast

Vault maps used:
D:1:      dpeg_arrival_tiny_a, minmay_split_cup_small
D:2:      fiery_altar_vehumet, bloody_trog, old_standard_altar, first_ration,
          uniq_jessica

Skill      XL: |  1  2 |
---------------+-------+-----
Dodging        | 2 |  2.5
Spellcasting   | 3 |  3.4
Fighting       | 1 |  1.3
Stealth        | |  1.5
Necromancy     | |  4.7

Action                   |  1- 3 |  4- 6 || total
-------------------------+-------+-------++-------
Melee: Spear             |    52 |    36 ||    88
 Cast: Pain              |    10 |       ||    10
       Vampiric Draining |     1 |     5 ||     6
 Stab: Sleeping          |     3 |       ||     3
Armor: Robe              |     6 |     5 ||    11
Dodge: Dodged            |    13 |    26 ||    39

Table legend:
 A = Spawn XP
 B = Non-spawn XP
 C = Spawn XP percentage of total XP
 D = Spawn monster count
 E = Non-spawn monster count
 F = Spawn count percentage of total count
 G = Total turns spent on level
                    A         B        C        D         E        F      G
               +---------+---------+-------+---------+---------+-------+---------
         Total |       0 |     140 |   0.0 |       0 |      37 |   0.0 |  1049
               +---------+---------+-------+---------+---------+-------+---------
           D:1 |       0 |      31 |   0.0 |       0 |      18 |   0.0 |   802
           D:2 |       0 |     109 |   0.0 |       0 |      19 |   0.0 |   247
               +---------+---------+-------+---------+---------+-------+---------
